 Dungeon Crawl Stone Soup version 0.27-a0-860-gaf99fae3ca (webtiles) character file.

Game seed: 12644207096203387393

116 robertstho the Skirmisher (level 4, 0/44 (45) HPs)
             Began as a Troll Delver on Apr 1, 2021.
             Succumbed to a scorpion's poison
             ... on level 5 of the Dungeon.
             The game lasted 00:00:41 (162 turns).

robertstho the Skirmisher (Troll Delver)             Turns: 162, Time: 00:00:42

HP:   0/44 (45)     AC:  4    Str: 21    XL:     4   Next: 70%
MP:   3/3           EV: 10    Int:  6    God:
Gold: 14            SH:  0    Dex: 11    Spells: 3/3 levels left

rFire    . . .     SeeInvis .     - Unarmed
rCold    . . .     Faith    .   (no shield)
rNeg     . . .     Spirit   .   a - +0 robe
rPois    .         Reflect  .   (helmet restricted)
rElec    .         Harm     .   (no cloak)
rCorr    .         Rampage  .   (gloves unavailable)
Will     .....                  (boots unavailable)
Stlth    ++........             (no amulet)
HPRegen  1.14/turn              (no ring)
MPRegen  0.08/turn              (no ring)

@: lethally poisoned (0 -> -19), lightly drained
A: large, unfitting armour, claws 3, regeneration 1, shaggy fur 1, tough skin 1
a: no special abilities


You were on level 5 of the Dungeon.
You visited 1 branch of the dungeon, and saw 1 of its levels.

You collected 14 gold pieces.

Inventory:

Armour
 a - a +0 robe (worn)
Wands
 f - a wand of digging (3)
Scrolls
 b - a scroll of fog
 c - a scroll of magic mapping
 d - a scroll of fear


   Skills:
 * Level 3.5 Fighting
 * Level 1.9 Armour
 + Level 1.9 Dodging
 - Level 2.7 Stealth
 + Level 2.4 Unarmed Combat


You had 3 spell levels left.
You didn't know any spells.
Your spell library was empty.

Dungeon Overview and Level Annotations

Branches:
Dungeon (5/15)
 Temple: D:4-7

Altars:


Innate Abilities, Weirdness & Mutations

You are too large for most types of armour.
You have claws for hands.
Your natural rate of healing is unusually fast.
You are covered in fur. (AC +1)
You have tough skin. (AC +1)


Message History

You closely miss the jackal. The jackal bites you.
The jackal barely misses you.
You closely miss the jackal.
The jackal barks!
The jackal barely misses you.
You closely miss the jackal. The jackal barely misses you.
You claw the jackal!
You kill the jackal!
The jackal bites you but does no damage.
The jackal misses you. The necrophage barely misses you.
You see here a jackal corpse.
You barely miss the jackal. The jackal closely misses you.
The necrophage barely misses you. The jackal barely misses you.
You claw the jackal!
You kill the jackal!
The necrophage barely misses you.
You scratch the scorpion but do no damage.
The scorpion stings you. The necrophage hits you.
You feel drained.
You barely miss the scorpion. The scorpion stings you. The necrophage hits you.
You scratch the scorpion but do no damage.
The scorpion stings you! x2
You are poisoned.
The scorpion poisons you!
The necrophage hits you but does no damage.
You barely miss the scorpion.
You feel very sick. The scorpion stings you.
You are lethally poisoned!
The scorpion poisons you!
You scratch the scorpion.
The scorpion is moderately wounded.
* * * LOW HITPOINT WARNING * * *
You feel very sick. The necrophage closely misses you. The scorpion stings you.
* * * LOW HITPOINT WARNING * * *
You are more poisoned.
The scorpion poisons you!
You claw the scorpion!
The scorpion is almost dead.
You die...

####...## #....... #.#
...###### #.# #.##....
#.###.#..s#####.!.
#.#.......@nh...#
#######.........#####...
..(.........)#)##
...#####.....#.# ####
##......# ########


You could see a necrophage, a scorpion and a jackal.

Vanquished Creatures
  A black bear (D:5)
  An iguana (D:5)
  2 jackals (D:5)
4 creatures vanquished.

Notes
Turn   | Place    | Note
-------+----------+-------------------------------------------
     0 | D:5      | robertstho the Troll Delver began the quest for the Orb.
     0 | D:5      | Reached XP level 1. HP: 22/22 MP: 0/0
     5 | D:5      | Noticed a black bear
    12 | D:5      | Killed a black bear
    13 | D:5      | Reached skill level 3 in Fighting
    13 | D:5      | Reached skill level 1 in Armour
    13 | D:5      | Reached XP level 2. HP: 31/31 MP: 1/1
    13 | D:5      | Reached XP level 3. HP: 37/37 MP: 2/2
    13 | D:5      | Reached XP level 4. HP: 45/45 MP: 3/3
   147 | D:5      | Noticed a scorpion
   147 | D:5      | Noticed a necrophage
   162 | D:5      | Succumbed to a scorpion's poison

Illustrated notes

Levels and vault maps discovered:
D:5:      layout_loops_ring, grunt_ministairs_4, uniq_eustachio, uniq_sigmund

Skill      XL: |  1 |
---------------+----+-----
Fighting       | 3 |  3.5
Armour         | 1 |  1.9
Dodging        | |  1.9
Stealth        | |  2.7
Unarmed Combat | |  2.4

Action                   |  1- 3 |  4- 6 || total
-------------------------+-------+-------++-------
Melee: Unarmed           |     4 |    28 ||    32
  Use: Potion            |       |     1 ||     1
Armor: Robe              |     4 |     4 ||     8
Dodge: Dodged            |     3 |    16 ||    19

Table legend: (Time is in decaauts)
 A = Elapsed time spent in this place.
 B = Non-inter-level travel time spent in this place.
 C = Inter-level travel time spent in this place.
 D = Time resting spent in this place.
 E = Time spent auto-exploring this place.
 F = Levels seen in this place.
 G = Mean time per level.
                   A        B        C        D        E       F      G
               +--------+--------+--------+--------+--------+-----+--------+
         Total |    141 |    141 |      0 |      0 |     35 |   1 |  141.0 |
       Dungeon |    141 |    141 |      0 |      0 |     35 |   1 |  141.0 |
               +--------+--------+--------+--------+--------+-----+--------+

Top non-repeatable levels by time:
     D:5: 141 daAuts
